 Dungeon Crawl Stone Soup version 0.28-a0-1080-g05a166d0ed (console) character file.

Game seed: 8973429134156466019

26677 jejorda2 the Impaler (level 13, 0/174 HPs)
             Began as a Merfolk Berserker on Dec 9, 2021.
             Was a High Priest of Trog.
             Succumbed to a cane toad's poison
             ... on level 1 of the Lair of Beasts.
             The game lasted 00:28:15 (12473 turns).

jejorda2 the Impaler (Merfolk Berserker)           Turns: 12473, Time: 00:28:16

Health: 0/174      AC: 25    Str: 21    XL:     13   Next: 27%
Magic:  0/13       EV:  9    Int:  7    God:    Trog [*****.]
Gold:   2133       SH:  0    Dex: 14    Spells: 12/12 levels left

rFire   . . .      SeeInvis .   a - +2 glaive (flame)
rCold   . . .      Faith    .   (shield currently unavailable)
rNeg    . . .      Spirit   +   I - +0 plate armour
rPois   +          Reflect  .   f - +0 helmet
rElec   .          Harm     .   i - +0 cloak
rCorr   .          Rampage  .   s - +1 pair of gloves
Will    ++...                   l - +0 pair of boots
Stlth   ..........              r - amulet of guardian spirit
HPRegen 1.39/turn               D - +4 ring of protection
MPRegen 0.13/turn               v - ring of poison resistance

@: berserking, lethally poisoned (0 -> -3), strong-willed, regenerating,
studying Fighting, very quick
A: (nimble swimmer 2), mertail
a: Renounce Religion, Berserk, Trog's Hand, Brothers in Arms


You were on level 1 of the Lair of Beasts.
You worshipped Trog.
Trog was extremely pleased with you.
You visited 2 branches of the dungeon, and saw 11 of its levels.
You also visited: Bailey.

You collected 2133 gold pieces.

Inventory:

Hand Weapons
 a - a +2 glaive of flaming (weapon)
 w - a +0 bardiche
 x - the +8 short sword "Sazxeebla" {speed, *Slow rElec rN+ SInv}
   (You found it on level 5 of the Dungeon)

   Attacks with this weapon are significantly faster.
   rElec:     It insulates you from electricity.
   rN:        It protects you from negative energy.
   SInv:      It lets you see invisible.
   *Slow:     It may slow you when you take damage.
 J - a +4 bardiche of flaming
Missiles
 n - 2 throwing nets
 q - 40 poisoned darts (quivered)
 y - 20 javelins
 A - 183 stones
 C - a curare-tipped dart
Armour
 f - a +0 helmet (worn)
 i - a +0 cloak (worn)
 l - a +0 pair of boots (worn)
 s - a +1 pair of gloves (worn)
 I - a +0 plate armour (worn)
Jewellery
 e - a ring of resist corrosion
 k - a ring of protection from fire
 r - an amulet of guardian spirit (around neck)
 v - a ring of poison resistance (right hand)
 D - a +4 ring of protection (left hand)
 G - a +6 ring of strength
 K - a ring of protection from cold
Wands
 j - a wand of iceblast (14)
 E - a wand of acid (9)
 F - a wand of polymorph (5)
Scrolls
 c - a scroll of teleportation
 d - a scroll of fog
 h - 3 scrolls of blinking
 p - 2 scrolls of immolation
 t - a scroll of fear
 H - a scroll of enchant weapon
Potions
 b - 3 potions of magic
 g - 2 potions of flight
 m - 3 potions of curing
 o - a potion of cancellation
 u - a potion of attraction {unknown}
 z - 3 potions of heal wounds
 B - a potion of lignification {unknown}
 L - a potion of haste


   Skills:
 + Level 15.4 Fighting
 + Level 20.8 Polearms
 - Level 10.3 Armour
 - Level 6.0 Dodging
 - Level 6.0 Evocations


You had 12 spell levels left.
You didn't know any spells.
Your spell library was empty.

Dungeon Overview and Level Annotations

Branches:
Dungeon (9/15)             Temple (0/1) D:5            Lair (2/6) D:9
 Shoals (0/4) Lair:2        Snake (0/4) Lair:2       Bailey (visited)
    Orc: D:9-12

Altars:
Ashenzari
Cheibriados
Elyvilon
Kikubaaqudgha
Makhleb
Uskayaw
Vehumet
Yredelemnul
Zin

Annotations:
Lair:1 1 transporter


Innate Abilities, Weirdness & Mutations

((You are quick and stealthy near water. (Stealth+, EV+, Speed+++)))
Your lower body shifts to a powerful aquatic tail in water.


Message History

Trog accepts your kill. The cane toad barely misses you.
You closely miss the komodo dragon.
The cane toad stings you but does no damage.
The komodo dragon closely misses you. The komodo dragon bites you!!
* * * LOW HITPOINT WARNING * * *
You slash the komodo dragon! You burn the komodo dragon!
The komodo dragon is heavily wounded.
The cane toad stings you!!
* * * LOW HITPOINT WARNING * * *
You slash the komodo dragon! You burn the komodo dragon.
The komodo dragon is almost dead.
The komodo dragon closely misses you. The cane toad stings you.
* * * LOW HITPOINT WARNING * * *
Your iron troll bites the moth of wrath!!!
The moth of wrath dies!
Trog accepts your kill.
The komodo dragon bites you but does no damage.
You slice the komodo dragon!! You burn the komodo dragon.
You kill the komodo dragon!
Trog accepts your kill. The komodo dragon bites you!
* * * LOW HITPOINT WARNING * * *
The cane toad stings you!
* * * LOW HITPOINT WARNING * * *
You hit the komodo dragon. You burn the komodo dragon.
The komodo dragon is lightly wounded.
Your iron troll bites the komodo dragon!!
Your iron troll claws the komodo dragon!
Your iron troll claws the komodo dragon.
The komodo dragon bites you but does no damage.
You closely miss the komodo dragon.
The komodo dragon is almost dead.
The cane toad stings you.
* * * LOW HITPOINT WARNING * * *
You are lethally poisoned!
The cane toad poisons you!
You closely miss the komodo dragon.
The komodo dragon is almost dead.
You die...

............#.......÷...###......
..............#####.....#.##...#.
.######.....###.S.###...#........
.# #P....##.(.....#.###........
.# ##....#..#.#...#.).....##+##
.# ##....#..#.#...#.......#....
.## #P....##.....#.##...........
..# ##.....#[T#...#.#..#[P..##.#
.######....©#?[l@# #....#......
............#=#F†...##....#...###
...........##?#...#.#©.....>...#
...........# .#.##..##....#...##
.#########.#.#.$.#..©#........##
## #.##..#lh..##....#....# .#
#..#...WS.##.........## ##
#..##.#####......#...# #
#...###.....###.#....#


You could see a komodo dragon (berserk, ally target), a cane toad (berserk) and
a friendly iron troll (summoned, berserk).

Vanquished Creatures
  Harold (D:9)
  A two-headed ogre (D:9)
  A hydra (Lair:2)
  The ghost of Jukk the Destroyer, a journeyman DECj of Vehumet (Lair:1)
  3 death yaks (Lair:2)
  Maggie (D:6)
  3 cane toads
  8 komodo dragons
  Prince Ribbit (D:7)
  2 hornets
  3 blink frogs (Lair:2)
  The ghost of ragingrage the Cudgeller, an amateur GrWr (D:4)
  A wyvern (D:9)
  12 yaks
  Grum (D:9)
  An acid dragon (D:9)
  9 water moccasins
  Duvessa (D:6)
  A sky beast (D:6)
  A black bear (Lair:1)
  2 ice beasts
  14 orc warriors
  A necrophage (D:4)
  3 ogres
  13 centaurs
  10 wolves
  A phantom (D:6)
  11 bullfrogs
  4 kobold brigands
  A gnoll sergeant (D:7)
  2 scorpions
  Dowan (D:6)
  6 killer bees
  7 wights
  6 howler monkeys
  2 vampire bats (D:5)
  A bullfrog zombie (D:5)
  2 centaur zombies
  A centaur skeleton (D:7)
  Crazy Yiuf (D:6)
  A gnoll shaman (D:5)
  3 orc priests
  A bullfrog skeleton (D:6)
  3 hounds
  2 jellies
  5 iguanas
  10 orc wizards
  A scorpion zombie (D:5)
  A killer bee zombie (D:7)
  A hound skeleton (D:4)
  A howler monkey zombie (D:7)
  11 gnolls
  10 adders
  A white imp (D:8)
  An adder skeleton (D:4)
  3 dart slugs
  41 orcs
  12 ball pythons
  4 bat skeletons (D:5)
  3 bat zombies (D:5)
  5 endoplasms
  A giant cockroach (D:3)
  12 goblins
  9 hobgoblins
  A jackal (D:2)
  17 kobolds
  4 quokkas
  5 frilled lizards
  5 rats
316 creatures vanquished.

Vanquished Creatures (collateral kills)
  2 moths of wrath (Lair:1)
  A polar bear (Lair:1)
  A sky beast (D:8)
  A centaur (D:8)
  An orc wizard (D:8)
  A gnoll (D:8)
  2 orcs (D:8)
  A goblin (D:8)
  5 kobolds (D:8)
15 creatures vanquished.

Vanquished Creatures (others)
  An orc wizard (D:9)
  A kobold (D:6)
  2 fungi
  5 plants
9 creatures vanquished.

Grand Total: 340 creatures vanquished

Notes
Turn   | Place    | Note
-------+----------+-------------------------------------------
     0 | D:1      | jejorda2 the Merfolk Berserker began the quest for the Orb.
     0 | D:1      | Reached XP level 1. HP: 18/18 MP: 1/1
    86 | D:1      | Reached XP level 2. HP: 24/24 MP: 2/2
   224 | D:1      | Reached skill level 5 in Polearms
   701 | D:1      | Reached XP level 3. HP: 29/29 MP: 3/3
   909 | D:2      | Reached ** piety under Trog
  1201 | D:2      | Reached XP level 4. HP: 37/37 MP: 4/4
  1431 | D:2      | Reached skill level 6 in Polearms
  2448 | D:4      | Noticed a scorpion
  2451 | D:4      | Reached XP level 5. HP: 42/42 MP: 5/5
  2513 | D:4      | Found a basalt altar of Yredelemnul.
  2518 | D:4      | Found a radiant altar of Vehumet.
  2521 | D:4      | Found a snail-covered altar of Cheibriados.
  2521 | D:4      | Found a hide-covered altar of Uskayaw.
  2528 | D:4      | Found a burning altar of Makhleb.
  2634 | D:4      | Reached skill level 7 in Polearms
  2885 | D:4      | Reached XP level 6. HP: 49/49 MP: 6/6
  2951 | D:4      | Noticed a necrophage
  2955 | D:4      | Killed a necrophage
  2956 | D:4      | Reached skill level 8 in Polearms
  3123 | D:4      | Found a runed translucent door.
  3124 | D:4      | Noticed ragingrage's ghost (amateur GrWr)
  3616 | D:4      | Reached skill level 5 in Fighting
  3638 | D:4      | Reached XP level 7. HP: 19/56 MP: 3/7
  3642 | D:4      | Killed ragingrage's ghost
  3643 | D:4      | Reached skill level 9 in Polearms
  3905 | D:5      | Entered Level 5 of the Dungeon
  4069 | D:5      | Reached XP level 8. HP: 64/64 MP: 6/8
  4181 | D:5      | Identified the +8 short sword "Sazxeebla" {speed, *Slow
                  | rElec rN+ SInv}
  4212 | D:5      | Reached skill level 10 in Polearms
  4407 | D:5      | Identified the +2 ring mail of Wu Jian's Reproof {Harm
                  | *Corrode Dex+3}
  4709 | D:5      | Reached skill level 11 in Polearms
  4890 | D:5      | Found a staircase to the Ecumenical Temple.
  5046 | D:5      | Reached *** piety under Trog
  5072 | D:5      | Found an ancient bone altar of Kikubaaqudgha.
  5332 | D:6      | Identified 2 scrolls of acquirement
  5332 | D:6      | Acquired a manual of Polearms
  5334 | D:6      | Acquired 1292 gold pieces
  5451 | D:6      | Reached skill level 12 in Polearms
  5708 | D:6      | Reached skill level 13 in Polearms
  5708 | D:6      | Reached XP level 9. HP: 49/69 MP: 6/9
  5944 | D:6      | Reached skill level 14 in Polearms
  5971 | D:6      | Noticed Duvessa
  5995 | D:6      | Killed Duvessa
  6003 | D:6      | Noticed Dowan
  6158 | D:6      | Killed Dowan
  6159 | D:6      | Reached skill level 5 in Armour
  6287 | D:6      | Reached skill level 15 in Polearms
  6435 | D:6      | Found a runed translucent door.
  6436 | D:6      | Noticed Crazy Yiuf
  6443 | D:6      | Killed Crazy Yiuf
  6610 | D:6      | Noticed Maggie
  6632 | D:6      | Killed Maggie
  6635 | D:6      | Reached skill level 16 in Polearms
  7086 | D:7      | Found a broken altar of Ashenzari.
  7089 | D:7      | Noticed Prince Ribbit
  7094 | D:7      | Killed Prince Ribbit
  7095 | D:7      | Reached skill level 17 in Polearms
  7122 | D:7      | Reached skill level 18 in Polearms
  7122 | D:7      | Reached XP level 10. HP: 54/76 MP: 6/10
  7275 | D:7      | Reached skill level 19 in Polearms
  7851 | D:7      | Identified the +6 war axe of Fee Simple {freeze, rElec
                  | Stlth+}
  7965 | D:7      | Reached **** piety under Trog
  7967 | D:7      | Reached skill level 20 in Polearms
  8223 | D:8      | Found a white marble altar of Elyvilon.
  8259 | D:8      | Reached skill level 1 in Evocations
  8353 | D:8      | Reached skill level 5 in Dodging
  8519 | D:8      | Identified the +7 falchion "Bappez" {vorpal, *Noise rPois
                  | rF+++ Will+}
  8827 | D:8      | Found a glowing silver altar of Zin.
  8875 | D:8      | Found a flagged portal.
  8884 | Bailey   | Entered a bailey
  9246 | Bailey   | Reached skill level 5 in Evocations
  9442 | Bailey   | Reached XP level 11. HP: 80/81 MP: 11/11
  9536 | Bailey   | Reached XP level 12. HP: 101/101 MP: 12/12
  9717 | D:9      | Found a staircase to the Lair.
  9731 | D:9      | Noticed Harold
  9738 | D:9      | Killed Harold
  9818 | D:9      | Noticed Grum
  9831 | D:9      | Killed Grum
  9951 | D:9      | Noticed a two-headed ogre
  9956 | D:9      | Killed a two-headed ogre
 10158 | D:9      | Reached ***** piety under Trog
 10496 | Lair:1   | Entered Level 1 of the Lair of Beasts
 10855 | Lair:1   | Identified the +6 arbalest "Thing" {venom, +Blink rF+ rC+
                  | Str+4}
 11039 | Lair:1   | Found a transporter.
 11051 | Lair:1   | Noticed Jukk's ghost (journeyman DECj)
 11065 | Lair:1   | Found a transporter.
 11250 | Lair:1   | You fall into a shaft and drop 1 floor!
 11412 | Lair:2   | Received a gift from Trog
 11514 | Lair:2   | Noticed an eight-headed hydra
 11521 | Lair:2   | Killed a five-headed hydra
 11576 | Lair:2   | Noticed a death yak
 11576 | Lair:2   | Noticed a death yak
 11576 | Lair:2   | Noticed a death yak
 11577 | Lair:2   | Found a staircase to the Shoals.
 11585 | Lair:2   | Killed a death yak
 11586 | Lair:2   | Reached skill level 10 in Armour
 11588 | Lair:2   | Killed a death yak
 11590 | Lair:2   | Reached XP level 13. HP: 113/113 MP: 13/13
 11660 | Lair:2   | Found a staircase to the Snake Pit.
 12455 | Lair:1   | Reached skill level 15 in Fighting
 12463 | Lair:1   | Killed Jukk's ghost
 12470 | Lair:1   | HP: 6/174 [cane toad (7)]
 12472 | Lair:1   | HP: 2/174 [cane toad (6)]
 12473 | Lair:1   | Succumbed to a cane toad's poison

Illustrated notes

Levels and vault maps discovered:
D:1:      scummos_arrival_forest, layout_loops_ring, hangedman_decor_push,
          grunt_decor_junction
D:2:      minmay_recursive_quarters, layout_basic
D:3:      layout_loops_cross
D:4:      layout_loops_ring, nicolae_overflow_hallway_of_the_gods,
          ebering_ghost_sewer_d, roderic_roman_lattice,
          kennysheep_generic_room_10
D:5:      layout_cave_pools, kennysheep_vampire_church,
          minmay_temple_entry_junction
D:6:      lemuel_ice_spiral_2, layout_basic, uniq_duvessa, uniq_maggie,
          uniq_crazy_yiuf_cottage
D:7:      layout_gridville, ashenzari_altar_1, minmay_increasing_density,
          uniq_prince_ribbit1
D:8:      layout_rooms, marbit_many_paths, mainiacjoe_overflow_tiny_flanked,
          enter_bailey_7, serial_rivers, chequers_serial_rivers_large_a,
          chequers_serial_rivers_micro_d, chequers_serial_rivers_micro_c,
          chequers_serial_rivers_small_3, chequers_serial_rivers_micro_d,
          chequers_serial_rivers_micro_b, grunt_ministairs_1
D:9:      layout_irregular_city, dpeg_oklobed_lair, uniq_harold, uniq_grum
Lair:1:   layout_chaotic_city, gammafunk_ghost_berserking_beasts,
          beast_lair_carwin_5, grunt_megastairs_2
Lair:2:   layout_hall_layers, minmay_shoals_entry_centaurs, dummy_snake_entry,
          minivault_24

Skill      XL: |  1  2  3  4  5  6  7  8  9 10 11 12 13 |
---------------+----------------------------------------+-----
Polearms       | 5 6 7 8 9 13 18 20 | 20.8
Armour         | 2 3 4 5 6 8 10 | 10.3
Fighting       | 4 5 6 11 14 15 | 15.4
Dodging        | 6 |  6.0
Evocations     | 5 6 |  6.0

Action                   |  1- 3 |  4- 6 |  7- 9 | 10-12 | 13-15 || total
-------------------------+-------+-------+-------+-------+-------++-------
Melee: Spear             |    92 |   217 |   413 |       |       ||   722
       Glaive            |       |       |    28 |   405 |    67 ||   500
Throw: Dart              |       |       |    11 |       |       ||    11
Invok: Berserk           |     2 |     5 |    10 |     4 |     1 ||    22
       Trog's Hand       |       |     2 |     2 |     3 |     1 ||     8
       Brothers in Arms  |       |       |       |     1 |     2 ||     3
  Use: Scroll            |       |       |    16 |     3 |     1 ||    20
       Potion            |       |       |       |     2 |       ||     2
Armor: Animal skin       |     4 |       |       |       |       ||     4
       Scale mail        |    10 |    64 |    56 |       |       ||   130
       Chain mail        |       |       |    72 |   157 |       ||   229
       Plate armour      |       |       |       |    83 |    30 ||   113
Dodge: Dodged            |    33 |    55 |   106 |   176 |    24 ||   394

Table legend: (Time is in decaauts)
 A = Elapsed time spent in this place.
 B = Non-inter-level travel time spent in this place.
 C = Inter-level travel time spent in this place.
 D = Time resting spent in this place.
 E = Time spent auto-exploring this place.
 F = Levels seen in this place.
 G = Mean time per level.
                   A        B        C        D        E       F      G
               +--------+--------+--------+--------+--------+-----+--------+
         Total |  12202 |  11661 |    541 |   1692 |   7736 |  12 | 1016.8 |
       Dungeon |   9796 |   9256 |    540 |   1526 |   5966 |   9 | 1088.4 |
          Lair |   1699 |   1699 |      0 |     57 |   1389 |   2 |  849.5 |
        Bailey |    706 |    706 |      0 |    109 |    380 |   1 |  706.0 |
               +--------+--------+--------+--------+--------+-----+--------+

Top non-repeatable levels by time:
     D:4: 1781 daAuts
     D:6: 1553 daAuts
     D:5: 1223 daAuts
     D:7: 1154 daAuts
     D:9: 1033 daAuts
  Lair:2: 975 daAuts
     D:2: 874 daAuts
     D:1: 849 daAuts
  Lair:1: 723 daAuts
  Bailey: 706 daAuts
     D:8: 694 daAuts
     D:3: 632 daAuts
